cohdb
Replays
Latest Replays
All Replays
Popular Replays
Top Player Replays
Match Explorer
How It Works
Community
CoH3 Stats
Reddit
Sign in to upload your games and track your stats! →
Sign in with Steam
Match 39724533
Unlisted
Match 39724533
Overview
Messages
Build Orders
End
Construct Section Command Post
Infantry Section
Selects Heavy Armor Battlegroup
ML 3-inch Mortar Team
Infantry Section
Infantry Section
Vickers Machine Gun Team
Construct Platoon Command Post
Selects Rigorous Vehicle Training
6-pounder Anti-tank Gun Team
CMP 15cwt Truck
Infantry Training
Selects Forward Repair Assembly
Mario[Pointrunner]
Tim
Lost
BuCheonFrog
insane
FocusFuelOrFaceMyWrath
dkluan92
Marijuana
0
0
Comments
sign in to comment!
No comments posted yet!